Map: 하드와이어 - 래더

Players

DPGZest (Zest)

  • Race: Protoss Protoss

Bunny - Winner!

  • Race: Terran Terran
  • League: Bronze

Event: StayAtHome Story Cup #4

VOD

Have the link to the VOD?

Description

Time

  • Played on: Oct. 22, 2021, 8:45 a.m.
  • Length: 14:38

All games in this series

Show
View Real Time Build Order
Export as new Build Order

DPGZest Protoss 

Build Orders: 1 Gate Expand, Blink Stalkers, Carriers, Colossus Rush 

Get SALT Encoding   

  12  0:00  Probe  
  13  0:12  Probe  
  14  0:18  Pylon  
  14  0:24  Probe (Chrono Boost)  
  15  0:36  Probe (Chrono Boost)  
  15  0:38  Gateway  
  16  0:45  Probe (Chrono Boost)  
  16  0:47  Assimilator  
  17  0:51  Probe  
  18  1:03  Probe  
  19  1:15  Probe  
  20  1:25  Cybernetics Core  
  20  1:34  Nexus  
  20  1:37  Probe  
  21  1:44  Pylon  
  21  1:49  Probe  
  21  1:54  Assimilator  
  22  1:59  Adept (Chrono Boost)  
  22  2:01  Probe  
  22  2:04  Warp Gate  
  25  2:13  Probe  
  26  2:22  Twilight Council  
  26  2:25  Probe  
  27  2:32  Stalker  
  29  2:37  Probe  
  30  2:45  Gateway  
  30  2:46  Probe  
  30  2:49  Probe  
  32  2:52  Blink (Chrono Boost)  
  32  2:58  Probe  
  32  3:02  Probe  
  34  3:09  Stalker  
  34  3:11  Probe  
  37  3:14  Probe  
  38  3:23  Probe  
  38  3:26  Probe  
  40  3:29  Robotics Facility  
  40  3:35  Probe  
  40  3:37  Pylon  
  40  3:38  Probe  
  42  3:47  Probe  
  43  3:50  Probe, Assimilator  
  43  3:51  Pylon  
  43  3:54  Stalker  
  43  3:55  Stalker  
  48  3:59  Probe  
  48  4:02  Probe  
  50  4:05  Assimilator  
  50  4:11  Probe  
  50  4:14  Probe  
  52  4:17  Stalker  
  52  4:18  Stalker  
  52  4:19  Observer  
  52  4:21  Pylon  
  52  4:23  Probe  
  58  4:26  Probe  
  57  4:35  Probe  
  58  4:38  Probe  
  58  4:41  Stalker x2  
  63  4:47  Probe  
  63  4:50  Robotics Bay, Probe  
  63  4:52  Forge  
  65  4:54  Pylon  
  65  4:59  Probe  
  66  5:06  Nexus  
  66  5:09  Observer  
  66  5:12  Protoss Ground Weapons Level 1 (Chrono Boost)  
  67  5:23  Pylon  
  67  5:24  Probe x2  
  67  5:27  Immortal (Chrono Boost)  
  73  5:36  Probe x2  
  75  5:46  Extended Thermal Lance  
  73  5:56  Colossus (Chrono Boost)  
  79  5:59  Probe  
  79  6:03  Sentry  
  79  6:04  Stalker  
  84  6:09  Gateway x2  
  84  6:12  Gateway  
  84  6:17  Shield Battery  
  84  6:24  Charge  
  84  6:25  Observer  
  84  6:26  Gateway  
  84  6:30  Gateway  
  84  6:32  Gateway  
  84  6:33  Pylon  
  84  6:34  Colossus (Chrono Boost)  
  84  6:36  Probe x3  
  93  6:51  Pylon  
  93  6:52  Stalker x2  
  97  6:54  Pylon  
  97  7:06  Stalker x3  
  103  7:17  Stalker x2  
  104  7:34  Colossus (Chrono Boost)  
  104  7:36  Probe x2  
  105  7:41  Probe  
  108  7:48  Probe  
  95  7:52  Stalker x3, Zealot x2  
  95  7:53  Zealot x3  
  89  8:16  Probe x2  
  89  8:19  Stalker x2, Zealot  
  97  8:20  Warp Prism (Chrono Boost), Zealot x5  
  97  8:22  Probe  
  97  8:23  Assimilator  
  110  8:27  Photon Cannon, Assimilator  
  110  8:28  Photon Cannon, Probe x2  
  110  8:29  Protoss Ground Weapons Level 2 (Chrono Boost)  
  110  8:31  Photon Cannon  
  112  8:37  Robotics Facility  
  112  8:46  Probe x2  
  112  8:48  Observer (Chrono Boost)  
  115  8:54  Sentry, Zealot x4  
  125  8:59  Photon Cannon  
  125  9:01  Shield Battery  
  125  9:06  Pylon  
  125  9:09  Pylon  
  125  9:25  Observer (Chrono Boost)  
  125  9:26  Stalker  
  125  9:27  Stalker x7  
  125  9:30  Observer (Chrono Boost)  
  133  9:44  Pylon  
  133  9:46  Pylon  
  133  9:47  Pylon  
  133  9:52  Shield Battery  
  133  9:53  Pylon  
  133  9:56  Disruptor  
  133  9:57  Observer, Disruptor  
  133  9:59  Observer  
  139  10:00  Observer  
  139  10:02  Stargate  
  137  10:31  Gateway  
  137  10:32  Gateway, Disruptor x2  
  143  10:43  Protoss Ground Weapons Level 3 (Chrono Boost)  
  143  10:49  Stargate  
  142  11:06  Pylon  
  142  11:09  Nexus  
  142  11:10  Pylon  
  142  11:11  Observer  
  142  11:12  Fleet Beacon  
  142  11:14  Stargate, Zealot x3  
  142  11:15  Zealot x5  
  158  11:26  Pylon  
  158  11:28  Photon Cannon  
  158  11:30  Photon Cannon  
  158  11:32  Shield Battery  
  156  11:41  Stalker x6  
  156  11:45  Observer  
  159  12:01  Carrier x2 (Chrono Boost)  
  153  12:04  Probe x3  
  153  12:05  Assimilator  
  148  12:09  Assimilator  
  148  12:11  Carrier (Chrono Boost)  
  154  12:16  Probe  
  154  12:21  Protoss Air Weapons Level 1 (Chrono Boost)  
  155  12:41  Gateway x2  
  155  12:43  Gateway  
  166  12:51  Zealot  
  166  12:54  Carrier (Chrono Boost)  
  166  12:55  Carrier (Chrono Boost)  
  166  12:58  Carrier (Chrono Boost)  
  172  13:11  Shield Battery  
  149  13:37  Colossus (Chrono Boost)  
  161  13:44  Pylon  
  161  13:47  Colossus (Chrono Boost)  
  161  13:48  Pylon  
  161  13:55  Nexus  
  167  13:57  Pylon  
  167  14:08  Nexus  
  153  14:19  Stalker  
  153  14:20  Zealot x3  
  118  14:30  Zealot x5  
Show
View Real Time Build Order
Export as new Build Order

Bunny Terran - Winner!

Build Orders:  

Get SALT Encoding   

  12  0:00  SCV  
  13  0:12  SCV  
  14  0:17  Supply Depot  
  14  0:24  SCV  
  15  0:38  SCV  
  15  0:39  Barracks  
  16  0:43  Refinery  
  16  0:50  SCV  
  17  1:02  SCV  
  18  1:14  SCV  
  19  1:25  Marine  
  19  1:26  Orbital Command  
  20  1:44  Command Center  
  20  1:52  SCV  
  21  1:56  Factory  
  21  2:04  Barracks Reactor, SCV  
  21  2:08  Supply Depot  
  22  2:14  Refinery  
  22  2:16  SCV  
  23  2:30  SCV  
  24  2:40  Marine x2  
  24  2:41  Hellion  
  24  2:42  SCV  
  24  2:43  Starport  
  29  2:54  SCV  
  29  2:55  Orbital Command  
  30  2:59  Marine x2  
  30  3:03  Widow Mine  
  34  3:06  SCV  
  35  3:17  Marine x2  
  35  3:18  SCV  
  38  3:20  Medivac  
  38  3:22  SCV  
  38  3:26  Widow Mine  
  43  3:29  Supply Depot  
  43  3:30  SCV  
  44  3:35  Marine x2  
  46  3:51  SCV x2  
  46  3:52  Starport Tech Lab, Factory Tech Lab  
  46  3:54  Barracks  
  46  3:55  Barracks, Marine  
  49  3:56  Marine  
  50  4:03  SCV x2  
  50  4:04  Bunker  
  50  4:06  Supply Depot  
  52  4:12  Refinery  
  52  4:13  Raven  
  54  4:27  SCV, Siege Tank  
  54  4:28  SCV, Marine x2  
  57  4:40  SCV x2  
  57  4:41  Engineering Bay  
  59  4:46  Barracks Tech Lab  
  59  4:47  Marine x2  
  59  4:52  SCV  
  62  4:53  Supply Depot  
  62  4:57  SCV  
  62  4:58  Supply Depot, Refinery  
  61  5:04  Marine x2  
  61  5:05  Stimpack  
  61  5:07  Marine  
  61  5:09  Starport Reactor  
  61  5:11  Marine  
  61  5:17  Siege Tank  
  61  5:21  SCV x2  
  63  5:22  Marine  
  63  5:25  Terran Infantry Weapons Level 1  
  64  5:32  Marine x2  
  64  5:33  SCV x2, Marine  
  69  5:36  Supply Depot  
  69  5:40  Marine  
  69  5:45  SCV x2  
  69  5:48  Combat Shield  
  68  5:51  Supply Depot  
  68  5:55  Medivac  
  68  5:56  Marine x3  
  73  5:58  Marine  
  73  6:02  SCV x2  
  73  6:03  Factory Reactor  
  73  6:04  Supply Depot  
  75  6:05  Medivac  
  77  6:14  SCV x2, Marauder  
  77  6:15  Marine, Marauder  
  77  6:16  Marine  
  85  6:25  Supply Depot  
  85  6:26  SCV x2  
  85  6:27  Medivac  
  89  6:35  Medivac  
  89  6:38  Marauder x2, Marine x2  
  97  6:42  Widow Mine  
  97  6:44  SCV x2  
  97  6:45  Concussive Shells  
  101  6:56  Supply Depot  
  101  6:57  Command Center  
  101  6:59  Marauder  
  103  7:03  Marine x2  
  103  7:04  Marauder  
  107  7:14  Medivac  
  107  7:15  Medivac  
  108  7:20  Widow Mine x2  
  106  7:26  Marauder x2  
  101  7:32  Marine x2  
  101  7:33  SCV x2  
  99  7:42  Widow Mine x2  
  100  7:44  Medivac  
  100  7:45  Medivac  
  100  7:47  Marauder x2  
  100  7:50  Marine x2  
  103  8:03  Widow Mine x2  
  98  8:07  SCV x2  
  98  8:08  Marine x2, Marauder  
  98  8:09  Marauder  
  96  8:14  Medivac x2  
  96  8:18  Barracks  
  96  8:19  Orbital Command  
  96  8:24  Barracks  
  96  8:29  Terran Infantry Armor Level 1  
  96  8:31  Marine x2  
  100  8:34  Marauder  
  100  8:36  Marauder  
  100  8:38  SCV x2  
  104  8:44  Armory  
  104  8:46  SCV  
  105  8:50  SCV  
  105  8:51  SCV, Marine x2  
  105  8:53  Viking  
  105  8:55  Viking  
  113  8:58  SCV  
  113  9:01  Missile Turret  
  113  9:02  SCV  
  115  9:05  Refinery x2  
  115  9:08  Marauder  
  115  9:09  Marauder  
  119  9:15  Marauder  
  120  9:25  Viking x2  
  120  9:28  SCV  
  120  9:29  Supply Depot, SCV x2  
  127  9:34  Terran Ship Weapons Level 1  
  127  9:37  Barracks Reactor, Engineering Bay  
  127  9:38  Marauder x3  
  133  9:50  SCV x3, Marine x2  
  133  9:52  Sensor Tower  
  138  9:53  Supply Depot  
  138  9:55  Supply Depot  
  138  9:56  Supply Depot  
  138  10:03  Command Center  
  138  10:09  Marine x2  
  138  10:11  Terran Infantry Weapons Level 2  
  140  10:17  Marauder x3  
  146  10:21  Ghost Academy, Marine x2  
  146  10:22  Supply Depot  
  146  10:24  Widow Mine  
  146  10:25  Widow Mine  
  152  10:34  Marine  
  152  10:35  Marine  
  153  10:41  SCV x3  
  155  10:51  Ghost x3  
  155  10:56  Marine x2  
  155  10:57  Marine x2  
  162  10:58  Viking  
  162  10:59  Viking  
  162  11:00  Terran Infantry Armor Level 2  
  168  11:06  SCV x3  
  168  11:10  Enhanced Shockwaves  
  171  11:14  Barracks x2  
  171  11:19  Barracks  
  171  11:25  Missile Turret  
  171  11:27  Sensor Tower  
  171  11:32  Liberator x2  
  172  11:40  Ghost x2  
  172  11:43  Ghost  
  172  11:45  Marine x2  
  172  11:46  Marine  
  176  11:55  SCV  
  176  11:56  SCV x2  
  169  12:03  Planetary Fortress  
  169  12:06  Refinery  
  167  12:08  Marine x3  
  167  12:09  Marine  
  167  12:10  Barracks Reactor, Barracks Tech Lab  
  167  12:12  Barracks Tech Lab  
  167  12:15  Supply Depot  
  171  12:27  Supply Depot  
  171  12:28  Supply Depot  
  171  12:29  Supply Depot  
  171  12:36  Missile Turret, Liberator  
  180  12:37  Missile Turret, Marauder x3  
  180  12:38  Refinery  
  180  12:49  Liberator  
  183  12:55  Marauder x2, Marine x2  
  183  12:56  Marine  
  183  12:58  Marauder x2  
  194  13:10  Fusion Core  
  194  13:13  Starport  
  189  13:29  Marauder  
  193  13:35  Marine  
  193  13:40  Viking x2  
  192  13:45  Starport  
  192  13:47  Starport x2  
  192  13:53  Ghost x2  
  196  14:00  Missile Turret  
  196  14:01  Missile Turret x2  
  196  14:04  Missile Turret  
  196  14:06  Missile Turret  
  196  14:07  Missile Turret  
  196  14:08  Missile Turret  
  196  14:09  Missile Turret  
Tags
 
Add a new tag
Caveats
  • Supply blocks, unpowered buildings, or Contaminate may cause inaccurate times.
  • Supply counts are checked every 10 seconds.